 Dungeon Crawl Stone Soup version 0.26.0-10-g1f06aea511 (webtiles) character file.

Game seed: 4309208791661346798

9476 funkygono the Tainter (level 11, -4/72 HPs)
             Began as a Demonspawn Venom Mage on Jan 25, 2021.
             Was a Follower of Vehumet.
             Slain by a rakshasa
             ... wielding a +0 long sword
              (8 damage)
             ... on level 9 of the Dungeon.
             The game lasted 00:43:32 (13598 turns).

funkygono the Tainter (Demonspawn Venom Mage)      Turns: 13598, Time: 00:43:32

Health: -4/72      AC: 11    Str:  8    XL:     11   Next: 23%
Magic:  0/23       EV: 14    Int: 21    God:    Vehumet [*.....]
Gold:   485        SH:  0    Dex: 19    Spells: 5/26 levels left

rFire    . . .     SeeInvis +   k - +3 quarterstaff (chaos)
rCold    . . .     Faith    .   (shield currently unavailable)
rNeg     . . .     Spirit   +   w - +0 steam dragon scales
rPois    .         Reflect  .   v - +1 hat {SInv}
rElec    .         Harm     .   l - +2 cloak {rCorr}
rCorr    +         Rampage  .   h - +0 pair of gloves
Will     .....                  u - +0 pair of boots
Stlth    +++.......             f - amulet of the acrobat
HPRegen  0.22/turn              d - +6 ring of dexterity
MPRegen  0.18/turn              a - ring of wizardry

@: no status effects
A: talons 2, magic shield, miasma immunity, sturdy frame 1
a: Renounce Religion


You were on level 9 of the Dungeon.
You worshipped Vehumet.
Vehumet was aware of your devotion.
You visited 2 branches of the dungeon, and saw 11 of its levels.

You collected 485 gold pieces.

Inventory:

Hand Weapons
 b - a +0 dagger
 g - a +0 whip
 k - a +3 quarterstaff of chaos (weapon)
 s - the +1 dagger "Baelas" {flame, Int+2}
   (You found it on level 6 of the Dungeon)

   It has been specially enchanted to burn those struck by it, causing extra
   injury to most foes and up to half again as much damage against particularly
   susceptible opponents.
   It affects your intelligence (+2).
 x - the +2 dagger "Kutirem" {antimagic, rElec rPois rF++ Str-2}
   (You took it off a deep elf mage on level 7 of the Dungeon)

   It reduces the magical energy of the wielder, and disrupts the spells and
   magical abilities of those hit.
   Natural abilities and divine invocations are not affected.
   It affects your strength (-2).
   It greatly protects you from fire.
   It insulates you from electricity.
   It protects you from poison.
 F - the +5 long sword "Ohijougg" {chaos, rF+, unknown}
   (You found it on level 10 of the Dungeon)

   Each time it hits an enemy it has a different, random effect.
   It protects you from fire.
Armour
 h - a +0 pair of gloves (worn)
 l - a +2 cloak of preservation (worn)
 r - a +1 robe of fire resistance
 u - a +0 pair of boots (worn)
 v - a +1 hat of see invisible (worn)
 w - +0 steam dragon scales (worn)
Magical Staves
 y - an uncursed staff of poison
 B - an uncursed staff of air
Jewellery
 a - a ring of wizardry (right hand)
 d - a +6 ring of dexterity (left hand)
 f - an amulet of the acrobat (around neck)
 o - an uncursed ring of protection from fire
 z - a +4 ring of evasion
 C - the amulet "Sogics" {Inacc Dex+7}
   (You found it on level 7 of the Dungeon)

   [amulet of inaccuracy]

   It reduces the accuracy of all your attacks.
   It affects your dexterity (+7).
 G - an uncursed ring of resist corrosion
Wands
 q - a wand of enslavement (8)
 E - a wand of acid (8)
 I - a wand of flame (15)
Scrolls
 c - 5 scrolls of teleportation
 p - 2 scrolls of identify
Potions
 e - 5 potions of haste
 i - 4 potions of curing
 j - a potion of heal wounds
 m - 3 potions of lignification
 n - 2 potions of cancellation
 t - 3 potions of brilliance
 D - a potion of berserk rage
Miscellaneous
 A - a phial of floods


   Skills:
 + Level 2.2 Fighting
 + Level 5.4 Staves
 + Level 3.2 Dodging
 - Level 3.3 Stealth
 + Level 8.3 Spellcasting
 + Level 1.6 Conjurations
 + Level 5.5 Transmutations
 + Level 4.0 Fire Magic
 + Level 2.4 Ice Magic
 + Level 4.4 Air Magic
 + Level 9.3 Poison Magic


You had 5 spell levels left.
You knew the following spells:

 Your Spells              Type           Power        Failure   Level
a - Sting                 Tmut/Pois      100%         1%          1
b - Poisonous Vapours     Pois/Air       74%          1%          2
c - Ignite Poison         Fire/Tmut/Pois 35%          1%          3
d - Mephitic Cloud        Conj/Pois/Air  30%          1%          3
e - Frozen Ramparts       Ice            38%          3%          3
f - Olgreb's Toxic Radia  Pois           48%          1%          4
g - Hailstorm             Conj/Ice       17%          13%         4
h - Shock                 Conj/Air       84%          1%          1

Your spell library contained the following spells:

 Spells                   Type           Power        Failure   Level
 Freeze                   Ice            76%          1%          1
 Conjure Flame            Conj/Fire      20%          2%          3
 Animate Skeleton         Necr           16%          3%          1
 Apportation              Tloc           16%          3%          1
 Corona                   Hex            8%           3%          1
 Summon Small Mammal      Summ           32%          3%          1
 Ozocubu's Armour         Ice            19%          3%          3
 Call Imp                 Summ           8%           4%          2
 Call Canine Familiar     Summ           8%           9%          3
 Summon Guardian Golem    Hex/Summ       8%           9%          3
 Summon Lightning Spire   Summ/Air       18%          12%         4
 Summon Ice Beast         Ice/Summ       14%          17%         4
 Freezing Cloud           Conj/Ice/Air   10%          78%         6


Dungeon Overview and Level Annotations

Branches:
Dungeon (10/15)            Temple (1/1) D:7            Lair (0/6) D:8
    Orc: D:9-12

Altars:
Ashenzari
Cheibriados
Dithmenos
Elyvilon
Fedhas
Gozag
Hepliaklqana
Kikubaaqudgha
Makhleb
Nemelex Xobeh
Okawaru
Qazlal
Ru
Sif Muna
Trog
Uskayaw
Vehumet
Wu Jian
Xom
Yredelemnul
Zin
The Shining One

Shops:
D:5 :   D:6 [

Annotations:
D:9 2 runed translucent doors, lagdotcom's ghost, journeyman GnVM


Innate Abilities, Weirdness & Mutations

You have razor-sharp toenails.
When hurt, damage is shared between your health and your magic reserves.
You are immune to miasma.
Your movements are slightly less encumbered by armour. (ER -2)


Message History

Aim: a rakshasa, wielding a +0 long sword and wearing a +0 robe (severely wounded, 34% to evade)
The sting misses the rakshasa.
The rakshasa gestures at you. The lance of force hits you.
You are knocked back by the lance of force.
You slam into the rock wall!
You miss the rakshasa.
The rakshasa is severely wounded.
The rakshasa blinks!
The rakshasa gestures at you. The lance of force hits you!!
* * * LOW HITPOINT WARNING * * *
You are knocked back by the lance of force.
You collide with the rakshasa!
The rakshasa dies!
* * * LOW HITPOINT WARNING * * *
You hit the rakshasa.
The rakshasa convulses.
The rakshasa is severely wounded.
The rakshasa hits you with a +0 long sword!
You die...

..........#.######.......#..#
.#...##...#.......########..# ##
###.###...########..........####≈
#.# ##....................##≈#≈
###.# ##....##.#.#########.# #!≈
....# #.##.##...# #.###.. §####
##.##.##.### #..#≈W.
.#######...#.##.#################
.............##.@R........R......
.......#...###############.....R.
.#####.##.################.######
[..........................#
..####.##................########
..# #.#################........>
.## #R# ########## ## #.#
######>#


You could see a rakshasa.

Vanquished Creatures
  Gastronok (D:8)
  A deep elf mage (D:7)
  2 cyclopes
  Maggie (D:6)
  Psyche (D:9)
  An efreet (D:9)
  2 trolls (D:9)
  Prince Ribbit (D:7)
  Sigmund (D:3)
  Eustachio (D:5)
  An acid dragon (D:7)
  2 orc warriors (D:7)
  2 black bears
  2 ice beasts (D:5)
  3 sky beasts
  5 ogres
  A phantom (D:4)
  An eye of draining (D:7)
  A necrophage (D:7)
  4 centaurs
  A big kobold (D:8)
  6 bullfrogs
  A wyvern zombie (D:8)
  6 scorpions
  6 killer bees (D:9)
  3 wights
  3 howler monkeys
  A centaur zombie (D:7)
  2 jellies (D:7)
  4 orc priests
  3 bullfrog skeletons
  4 hounds
  A quasit (D:2)
  Crazy Yiuf (D:2)
  10 orc wizards
  2 iguanas (D:7)
  2 centaur skeletons
  Terence (D:2)
  10 worker ants
  A killer bee zombie (D:6)
  A howler monkey skeleton (D:4)
  2 worker ant zombies
  A howler monkey zombie (D:5)
  8 adders
  2 shadow imps
  4 white imps
  An ufetubus (D:6)
  An ooze (D:3)
  A worm (D:2)
  3 dart slugs
  6 leopard geckos
  29 orcs
  6 bats
  10 giant cockroaches
  5 goblins
  6 hobgoblins
  17 jackals
  14 kobolds
  6 quokkas
  3 ball pythons
  7 frilled lizards
  A leopard gecko skeleton (D:7)
  A leopard gecko zombie (D:7)
  3 quokka skeletons
  2 rats (D:3)
242 creatures vanquished.

Vanquished Creatures (others)
  11 plants
11 creatures vanquished.

Grand Total: 253 creatures vanquished

Notes
Turn   | Place    | Note
-------+----------+-------------------------------------------
     0 | D:1      | funkygono the Demonspawn Venom Mage began the quest for the
                  | Orb.
     0 | D:1      | Reached XP level 1. HP: 13/13 MP: 3/3
    25 | D:1      | Reached skill level 1 in Transmutations
   203 | D:1      | Gained mutation: You have sharp toenails. [demonic
                  | ancestry]
   203 | D:1      | Reached XP level 2. HP: 19/19 MP: 3/5
   953 | D:2      | Learned a level 2 spell: Poisonous Vapours
  1127 | D:2      | Reached XP level 3. HP: 15/24 MP: 3/6
  1240 | D:2      | Noticed Terence
  1251 | D:2      | Killed Terence
  1438 | D:2      | Gained mutation: Your movements are slightly less
                  | encumbered by armour. (ER -2) [demonic ancestry]
  1438 | D:2      | Reached XP level 4. HP: 27/30 MP: 2/8
  1448 | D:2      | Learned a level 3 spell: Ignite Poison
  1930 | D:2      | Found an opulent altar of Gozag.
  2002 | D:2      | Found a runed translucent door.
  2003 | D:2      | Noticed Crazy Yiuf
  2020 | D:2      | Killed Crazy Yiuf
  2280 | D:2      | Reached skill level 1 in Fire Magic
  2280 | D:2      | Gained mutation: When hurt, damage is shared between your
                  | health and your magic reserves. [demonic ancestry]
  2280 | D:2      | Reached XP level 5. HP: 34/35 MP: 6/9
  2341 | D:2      | Reached skill level 1 in Air Magic
  2542 | D:2      | Learned a level 3 spell: Mephitic Cloud
  2678 | D:3      | Found a bloodstained altar of Trog.
  3258 | D:3      | Reached skill level 4 in Poison Magic
  3370 | D:3      | Noticed Sigmund
  3576 | D:3      | Killed Sigmund
  3577 | D:3      | Reached XP level 6. HP: 14/41 MP: 1/11
  4209 | D:4      | Found a white marble altar of Elyvilon.
  4232 | D:4      | Found a burning altar of Makhleb.
  4485 | D:4      | Reached XP level 7. HP: 21/46 MP: 3/13
  4640 | D:4      | Reached skill level 1 in Staves
  4804 | D:4      | Reached skill level 5 in Poison Magic
  5030 | D:4      | Reached skill level 5 in Spellcasting
  5475 | D:4      | Found a snail-covered altar of Cheibriados.
  5483 | D:4      | Learned a level 3 spell: Frozen Ramparts
  5501 | D:5      | Entered Level 5 of the Dungeon
  5508 | D:5      | Gained mutation: You have razor-sharp toenails. [demonic
                  | ancestry]
  5508 | D:5      | Reached XP level 8. HP: 53/53 MP: 0/15
  5859 | D:5      | Found Odaozogg's Book Boutique.
  6033 | D:5      | Noticed Eustachio
  6042 | D:5      | Killed Eustachio
  6043 | D:5      | Reached skill level 6 in Poison Magic
  6154 | D:5      | Found a blossoming altar of Fedhas.
  6204 | D:5      | Reached skill level 1 in Conjurations
  6363 | D:5      | Found a snail-covered altar of Cheibriados.
  6515 | D:5      | Found a shadowy altar of Dithmenos.
  6717 | D:6      | Found a sparkling altar of Nemelex Xobeh.
  6746 | D:6      | Got a warped dagger
  6747 | D:6      | Identified the cursed +1 dagger "Baelas" {flame, Int+2}
                  | (You found it on level 6 of the Dungeon)
  6759 | D:6      | Found a broken altar of Ashenzari.
  6781 | D:6      | Found Byemynis's Armour Shoppe.
  6809 | D:6      | Reached skill level 1 in Ice Magic
  7041 | D:6      | Noticed Maggie
  7053 | D:6      | Killed Maggie
  7054 | D:6      | Reached XP level 9. HP: 58/58 MP: 3/18
  8562 | D:7      | Identified the +2 dagger "Kutirem" {antimagic, rElec rPois
                  | rF++ Str-2}
  8562 | D:7      | Noticed a deep elf mage
  8574 | D:7      | Killed a deep elf mage
  8575 | D:7      | Reached skill level 1 in Fighting
  8575 | D:7      | Reached skill level 7 in Poison Magic
  8623 | D:7      | Noticed a cyclops
  8636 | D:7      | Killed a cyclops
  8654 | D:7      | Reached XP level 10. HP: 47/65 MP: 0/20
  8704 | D:7      | Found a blossoming altar of Fedhas.
  8964 | D:7      | Got a warped zirconium amulet
  9312 | D:7      | Found a shimmering blue altar of Sif Muna.
  9403 | D:7      | Found Ohoe's Distillery.
  9485 | D:7      | Found a staircase to the Ecumenical Temple.
  9500 | Temple   | Entered the Ecumenical Temple
  9523 | Temple   | Became a worshipper of Vehumet
  9680 | D:7      | Identified the amulet "Sogics" {Inacc Dex+7} (You found it
                  | on level 7 of the Dungeon)
  9703 | D:8      | Noticed Prince Ribbit
  9804 | D:7      | Killed Prince Ribbit
 10520 | D:8      | Reached skill level 8 in Poison Magic
 10602 | D:8      | Found a staircase to the Lair.
 10667 | D:8      | Noticed Gastronok
 11112 | D:8      | Killed Gastronok
 11113 | D:8      | Reached skill level 5 in Transmutations
 11752 | D:8      | Learned a level 4 spell: Olgreb's Toxic Radiance
 11757 | D:8      | Learned a level 4 spell: Hailstorm
 11816 | D:9      | Noticed Psyche
 11827 | D:9      | Killed Psyche
 11828 | D:9      | Reached skill level 5 in Staves
 11828 | D:9      | Reached skill level 9 in Poison Magic
 12083 | D:9      | Gained mutation: You are immune to miasma. [demonic
                  | ancestry]
 12083 | D:9      | Reached XP level 11. HP: 55/72 MP: 4/22
 12083 | D:9      | Reached * piety under Vehumet
 12083 | D:9      | Offered knowledge of Shock by Vehumet.
 12086 | D:9      | Learned a level 1 spell: Shock
 12424 | D:9      | Found a sacrificial altar of Ru.
 12693 | D:9      | Found a large runed translucent door.
 12694 | D:9      | Found a large runed translucent door.
 12697 | D:9      | Noticed lagdotcom's ghost (journeyman GnVM)
 12963 | D:9      | Found an iron altar of Okawaru.
 13078 | D:10     | Entered Level 10 of the Dungeon
 13094 | D:10     | Got a slimy long sword
 13144 | D:10     | Noticed a rakshasa
 13235 | D:9      | HP: 2/72 [rock wall collision (9)]
 13598 | D:9      | Slain by a rakshasa

Illustrated notes

Levels and vault maps discovered:
D:1:      dpeg_arrival_long_road, layout_loops_ring, minmay_misc_feat_iff,
          grunt_decor_one_mirror, grunt_decor_cap
D:2:      layout_basic, lemuel_crystal_altar, serial_forest,
          infiniplex_forest_end_2, infiniplex_forest_end_1,
          infiniplex_forest_clump_long, infiniplex_forest_clump_small,
          infiniplex_forest_clump_medium, infiniplex_forest_straight_1,
          infiniplex_forest_clump_long, uniq_crazy_yiuf_cottage, uniq_terence
D:3:      layout_basic, general_overflow_altar, uniq_sigmund
D:4:      minmay_recursive_quarters, layout_loops_ring, lemuel_crystal_altar,
          marbit_many_paths, hangedman_feature_mirror, elyvilon_altar_5
D:5:      layout_basic, kennysheep_little_box, kennysheep_mini_moat,
          serial_shops, shop, kennysheep_slug_shrine, uniq_eustachio
D:6:      layout_loops_ring, ashenzari_altar_1,
          nemelex_xobeh_ov_fountains_minmay, serial_shops, shop, uniq_maggie
D:7:      minmay_the_grid_triangle_9x9_rhombus_full
          [minmay_the_grid_triangle_9x9_windchime,
          minmay_the_grid_triangle_9x9_zippers_vertical,
          minmay_the_grid_triangle_9x9_flanged_cone,
          minmay_the_grid_triangle_9x9_alien,
          minmay_the_grid_triangle_9x9_corrupted_corridor,
          minmay_the_grid_triangle_9x9_shrine,
          minmay_the_grid_triangle_9x9_thin_v,
          minmay_the_grid_triangle_9x9_prize_insulated], layout_loops_corners,
          lemuel_round_altar, minmay_temple_entry_purple_smoke, serial_shops,
          shop
D:8:      layout_layer_cave, lair_entry_dummy, uniq_prince_ribbit1,
          uniq_gastronok
D:9:      minmay_distorted_concentric_squares, layout_loops_ring,
          old_standard_altar, lemuel_crystal_altar, ebering_ghost_disaster_area,
          uniq_psyche
D:10:     layout_rooms, minmay_guarded_unrand_finisher, uniq_nergalle
Temple:   eino_wide_crystal_templ

Skill      XL: |  1  2  3  4  5  6  7  8  9 10 11 |
---------------+----------------------------------+-----
Transmutations | 1 2 3 4 5 |  5.5
Dodging        | 2 3 |  3.2
Spellcasting   | 3 4 5 6 7 8 |  8.3
Fire Magic     | 1 2 3 4 |  4.0
Air Magic      | 1 2 3 4 |  4.4
Poison Magic   | 4 5 6 7 9 |  9.3
Stealth        | 2 3 |  3.3
Staves         | 1 3 5 |  5.4
Conjurations   | 1 |  1.6
Ice Magic      | 1 2 |  2.4
Fighting       | 1 2 |  2.2

Action                   |  1- 3 |  4- 6 |  7- 9 | 10-12 || total
-------------------------+-------+-------+-------+-------++-------
Melee: Dagger            |     1 |       |       |       ||     1
       Whip              |     4 |    14 |       |       ||    18
       Kick              |     1 |    20 |    10 |       ||    31
       Quarterstaff      |       |    40 |   126 |    96 ||   262
 Cast: Sting             |    41 |    39 |    82 |    54 ||   216
       Poisonous Vapours |     9 |    45 |    36 |    25 ||   115
       Ignite Poison     |       |     3 |    32 |    45 ||    80
       Mephitic Cloud    |       |     1 |    17 |    32 ||    50
       Frozen Ramparts   |       |       |     6 |     4 ||    10
       Olgreb's Toxic Ra |       |       |       |     3 ||     3
       Shock             |       |       |       |     5 ||     5
  Use: Scroll            |     1 |     5 |     8 |     8 ||    22
       Potion            |       |     5 |     1 |     1 ||     7
 Stab: Distracted        |       |       |     1 |       ||     1
       Paralysed         |       |       |     4 |       ||     4
       Petrified         |       |       |     3 |       ||     3
       Sleeping          |       |       |       |     1 ||     1
       Confused          |       |       |       |     1 ||     1
Armor: Robe              |     6 |    11 |    35 |    11 ||    63
       Steam dragon scal |       |       |       |    13 ||    13
Dodge: Dodged            |    30 |    67 |    97 |   127 ||   321
